 Dungeon Crawl Stone Soup version 0.31-a0-1-g4198be8af4 (webtiles) character file.

Game seed: 12416020052704969579

271 qeuew the Covered (level 6, -1/52 HPs)
             Began as a Meteoran Fighter on May 1, 2023.
             Slain by Grinder (3 damage)
             ... while paralysed by Grinder
             ... on level 5 of the Dungeon.
             The game lasted 00:03:53 (2118 turns).

qeuew the Covered (Meteoran Fighter)                Turns: 2118, Time: 00:03:53

Health: -1/52      AC:  7    Str: 21    XL:     6   Next: 77%
Magic:  7/7        EV:  2    Int:  9    God:
Gold:   238        SH:  0    Dex: 13    Spells: 5/5 levels left

rFire   . . .        a - +0 flail
rCold   . . .        c - +0 buckler
rNeg    . . .        b - +0 scale mail
rPois   .            (no helmet)
rElec   .            (no cloak)
rCorr   .            (no gloves)
SInv    .            (no boots)
Will    .....        (no amulet) Stlth
                     e - +5 ring of evasion
HPRegen 0.28/turn    (no ring)
MPRegen 0.10/turn

%: no passive effects
@: paralysed, glowing
A: sense surroundings 1, otherworldly, glowing, explore regen
a: no special abilities


You were on level 5 of the Dungeon.
You visited 1 branch of the dungeon, and saw 5 of its levels.

You collected 238 gold pieces.

Inventory:

Hand Weapons
 a - a +0 flail (weapon)
Missiles
 i - 2 throwing nets (quivered)
Armour
 b - a +0 scale mail (worn)
 c - a +0 buckler (worn)
Jewellery
 e - a +5 ring of evasion (left hand)
 o - a +6 ring of strength
Scrolls
 g - 2 scrolls of amnesia
 h - a scroll of enchant armour
 l - a scroll of poison {unknown}
 m - a scroll of teleportation
 p - a scroll of immolation {unknown}
Potions
 d - 2 potions of might
 f - a potion of flight
 k - a potion of heal wounds {unknown}
 n - a potion of cancellation {unknown}


   Skills:
 + Level 4.1 Fighting
 * Level 4.9 Maces & Flails
 * Level 5.4 Armour
 + Level 2.3 Dodging
 + Level 4.4 Shields


You had 5 spell levels left.
You didn't know any spells.
Your spell library contained the following spells:

 Spells                   Type           Power      Damage    Failure   Level
 Slow                     Hex            0%         N/A       77%         1
 Confusing Touch          Hex            0%         N/A       98%         3
 Vampiric Draining        Necr           0%         2d6       98%         3


Dungeon Overview and Level Annotations

Branches:
Dungeon (5/15) Zot: 835
 Temple: D:4-7

Altars:
Wu Jian

Annotations:
D:5 Grinder


Innate Abilities, Weirdness & Mutations

You passively map a small area around you.
You are easily found by Zot.
You glow in the dark.
You regain HP and MP as you explore.


Message History

Grinder blinks!
Unknown command.
Grinder gestures at you. You resist with some effort.
You sock Grinder!
Grinder is severely wounded.
Grinder gestures at you. You resist with some effort.
Unknown command.
Okay, then.
You hit Grinder.
Grinder is almost dead.
Grinder misses you.
You closely miss Grinder.
Grinder is almost dead.
Grinder blinks!
Grinder gestures at you. Pain shoots through your body!
* * * LOW HITPOINT WARNING * * *
You feel better.
You closely miss Grinder.
Grinder is almost dead.
Grinder gestures at you. Pain shoots through your body!
* * * LOW HITPOINT WARNING * * *
You completely miss Grinder.
Grinder is almost dead.
Grinder blinks!
Grinder gestures at you.
You struggle to resist.
You barely miss Grinder.
Grinder is almost dead.
Grinder hits you.
* * * LOW HITPOINT WARNING * * *
You writhe in agony.
* * * LOW HITPOINT WARNING * * *
Grinder gestures at you.
You suddenly lose the ability to move!
Grinder hits you.
You die...

* , ### ##### *
#.#####.##########...#
#........[.........#.#
, *
#####.....########...#
##.@.## ##.## * ,*
##5## ##.# ,, #.#
##..# * #.# #...# * **
*#+# ** * ##.## #.# *
, **##.# * , #..# ,, ,
, **~ #..#####


You could see Grinder.

Vanquished Creatures
  A water moccasin (D:3)
  An orc wizard (D:4)
  3 gnolls (D:5)
  4 adders
  2 worms
  7 orcs (D:4)
  4 bats
  6 endoplasms
  2 giant cockroaches
  5 hobgoblins
  2 quokkas
  3 ball pythons
  4 frilled lizards
  6 goblins
  6 kobolds
  2 rats
58 creatures vanquished.

Vanquished Creatures (others)
  16 fungi (D:5)
16 creatures vanquished.

Grand Total: 74 creatures vanquished

Notes
Turn   | Place    | Note
-------+----------+-------------------------------------------
     0 | D:1      | qeuew the Meteoran Fighter began the quest for the Orb.
     0 | D:1      | Reached XP level 1. HP: 19/19 MP: 2/2
   139 | D:1      | Reached XP level 2. HP: 26/26 MP: 3/3
   381 | D:1      | Reached XP level 3. HP: 31/31 MP: 4/4
   446 | D:2      | Reached skill level 4 in Armour
   674 | D:2      | Reached skill level 1 in Dodging
   778 | D:3      | Noticed a water moccasin
   796 | D:3      | Killed a water moccasin
   797 | D:3      | Reached XP level 4. HP: 23/40 MP: 5/5
   797 | D:3      | Reached XP level 5. HP: 27/46 MP: 6/6
   960 | D:3      | Reached XP level 6. HP: 52/52 MP: 7/7
   974 | D:3      | Found an ornate altar of the Wu Jian Council.
  1019 | D:3      | Reached skill level 5 in Armour
  1908 | D:5      | Entered Level 5 of the Dungeon
  2090 | D:5      | Noticed Grinder
  2093 | D:5      | Paralysed by Grinder for 2 turns
  2100 | D:5      | Paralysed by Grinder for 4 turns
  2117 | D:5      | HP: 2/52 [Grinder (1)]
  2117 | D:5      | Paralysed by Grinder for 4 turns
  2118 | D:5      | Slain by Grinder

Illustrated notes

Levels and vault maps discovered:
D:1:      dpeg_arrival_orchard, layout_basic
D:2:      layout_rooms
D:3:      layout_basic, mainiacjoe_overflow_24_doors
D:4:      layout_gridville
D:5:      layout_loops_corners, serial_aquarium, aquarium_bridge_square
          [aquarium_subvault_window, aquarium_subvault_window,
          aquarium_subvault_bridge, aquarium_subvault_window],
          aquarium_bridge_square [aquarium_subvault_window,
          aquarium_subvault_balcony, aquarium_subvault_bridge,
          aquarium_subvault_window], aquarium_window_fake, aquarium_window_2,
          aquarium_view_2a, aquarium_view_2c, aquarium_balcony_3a, uniq_grinder,
          uniq_eustachio

Skill      XL: |  1  2  3  4  5  6 |
---------------+-------------------+-----
Maces & Flails | 3 4 |  4.9
Armour         | 4 5 |  5.4
Dodging        | 1 2 |  2.3
Shields        | 4 |  4.4
Fighting       | 4 |  4.1

Action                     |  1- 3 |  4- 6 || total
---------------------------+-------+-------++-------
  Melee: Flail             |    79 |   130 ||   209
  Throw: Throwing net      |     3 |       ||     3
    Use: Scroll            |     2 |     2 ||     4
         Potion            |     1 |     1 ||     2
 Armour: Scale mail        |    22 |    37 ||    59
  Dodge: Dodged            |    43 |    77 ||   120
  Block: Buckler           |    12 |    31 ||    43

Table legend: (Time is in decaauts)
 A = Elapsed time spent in this place.
 B = Non-inter-level travel time spent in this place.
 C = Inter-level travel time spent in this place.
 D = Time resting spent in this place.
 E = Time spent auto-exploring this place.
 F = Levels seen in this place.
 G = Mean time per level.
                   A        B        C        D        E       F      G
               +--------+--------+--------+--------+--------+-----+--------+
         Total |   2163 |   2042 |    121 |      0 |   1572 |   5 |  432.6 |
       Dungeon |   2163 |   2042 |    121 |      0 |   1572 |   5 |  432.6 |
               +--------+--------+--------+--------+--------+-----+--------+

Top non-repeatable levels by time:
     D:4: 726 daAuts
     D:2: 475 daAuts
     D:3: 449 daAuts
     D:1: 298 daAuts
     D:5: 213 daAuts
